 Dungeon Crawl Stone Soup version 0.28.0-43-g3370ac3207 (webtiles) character file.

Game seed: 13506296489269814896

13 RascalDebosk the Prestidigitator (level 2, -2/17 (20) HPs)
             Began as a Gnoll Wanderer on Mar 6, 2022.
             Slain by a gnoll
             ... wielding a +1 flail of draining
              (10 damage)
             ... on level 2 of the Dungeon.
             The game lasted 00:05:50 (711 turns).

RascalDebosk the Prestidigitator (Gnoll Wanderer)    Turns: 711, Time: 00:05:51

HP:   -2/17 (20)    AC:  7    Str: 10    XL:     2   Next: 37%
MP:   10/10         EV: 10    Int: 12    God:
Gold: 35            SH:  0    Dex: 11    Spells: 15/15 levels left

rFire   . . .      SeeInvis .   a - +0 dagger
rCold   . . .      Faith    .   (no shield)
rNeg    . . .      Spirit   .   g - +0 ring mail
rPois   .          Reflect  .   b - +0 helmet
rElec   .          Harm     .   (no cloak)
rCorr   .          Rampage  .   (no gloves)
Will    .....                   f - +0 pair of boots
Stlth   +.........              (no amulet)
HPRegen 0.05/turn               (no ring)
MPRegen 0.12/turn               (no ring)

@: heavily drained
A: fangs 1, strong nose, distributed training
a: no special abilities


You were on level 2 of the Dungeon.
You visited 1 branch of the dungeon, and saw 2 of its levels.

You collected 35 gold pieces.

Inventory:

Hand Weapons
 a - a +0 dagger (weapon)
Armour
 b - a +0 helmet (worn)
 c - a +0 robe
 e - a +0 leather armour
 f - a +0 pair of boots (worn)
 g - a +0 ring mail (worn)
Wands
 d - a wand of mindburst (18) (quivered)


   Skills:
 + Level 0.4 Fighting
 + Level 0.4 Short Blades
 + Level 0.4 Long Blades
 + Level 0.4 Axes
 + Level 0.4 Maces & Flails
 + Level 0.4 Polearms
 + Level 0.4 Staves
 + Level 0.4 Slings
 + Level 0.4 Bows
 + Level 0.4 Crossbows
 + Level 0.4 Throwing
 + Level 0.4 Armour
 + Level 2.5 Dodging
 + Level 0.4 Stealth
 + Level 0.4 Shields
 + Level 0.4 Unarmed Combat
 + Level 7.1 Spellcasting
 + Level 0.2 Conjurations
 + Level 0.2 Hexes
 + Level 0.2 Summonings
 + Level 0.2 Necromancy
 + Level 0.2 Translocations
 + Level 0.2 Transmutations
 + Level 0.2 Fire Magic
 + Level 0.2 Ice Magic
 + Level 2.0 Air Magic
 + Level 0.2 Earth Magic
 + Level 0.2 Poison Magic
 + Level 0.5 Invocations
 + Level 10.4 Evocations


You had 15 spell levels left.
You didn't know any spells.
Your spell library contained the following spells:

 Spells                   Type           Power      Damage    Failure   Level
 Corpse Rot               Necr/Air       14%        N/A       36%         2
 Static Discharge         Conj/Air       7%         N/A       36%         2


Dungeon Overview and Level Annotations

Branches:
Dungeon (1/15)

Altars:


Innate Abilities, Weirdness & Mutations

You have very sharp teeth.
Your uncanny sense of smell can sniff out nearby items.
Your experience applies equally to all skills.


Message History

The gnoll shouts!
You hear a shout!
Found a robe.
A giant cockroach comes into view.
Found a stone staircase leading down.
A kobold and a goblin come into view.
The kobold shouts!
The goblin shouts!
An endoplasm comes into view.
The giant cockroach closely misses you.
You hit the giant cockroach.
The giant cockroach is heavily wounded.
The giant cockroach closely misses you.
You closely miss the giant cockroach.
The giant cockroach is heavily wounded.
The giant cockroach barely misses you.
You hit the giant cockroach.
You kill the giant cockroach!
The gnoll closely misses you.
You hit the gnoll.
The gnoll is lightly wounded.
The gnoll barely misses you. The goblin hits you with a +0 dagger.
You barely miss the gnoll.
The gnoll is lightly wounded.
The gnoll hits you with a +1 flail of draining.
You feel drained. The goblin barely misses you.
You hit the gnoll. Your bite misses the gnoll.
The gnoll is heavily wounded.
The gnoll hits you but does no damage.
You feel drained. The goblin hits you but does no damage.
You closely miss the gnoll.
The gnoll is heavily wounded.
The gnoll closely misses you. The goblin hits you but does no damage.
You hit the gnoll.
The gnoll is heavily wounded.
The gnoll hits you with a +1 flail of draining!
You feel drained. The goblin hits you but does no damage.
You hit the gnoll but do no damage.
The gnoll is heavily wounded.
The gnoll hits you with a +1 flail of draining!
Ouch! That really hurt!
You die...

#............#
#............#
#.........g..#
#####........#
#........#
#.....B..#
######..##
########..#
#KJg@g...>#
#.######### #.
g. ... .K.J
##.## ∆ .. ∆ ∆


You could see a gnoll, an endoplasm, a goblin and a kobold.

Vanquished Creatures
  2 giant cockroaches
  A hobgoblin (D:1)
  2 quokkas (D:1)
  A ball python (D:1)
  3 bats (D:1)
  3 rats (D:1)
12 creatures vanquished.

Notes
Turn   | Place    | Note
-------+----------+-------------------------------------------
     0 | D:1      | Reached skill level 10 in Evocations
     0 | D:1      | RascalDebosk the Gnoll Wanderer began the quest for the
                  | Orb.
     0 | D:1      | RascalDebosk set off with the following items: a +0 dagger,
                  | a +0 helmet, a +0 robe, a wand of mindburst (18); and the
                  | following spells available to memorise: Corpse Rot, Static
                  | Discharge
     0 | D:1      | Reached XP level 1. HP: 13/13 MP: 8/8
   405 | D:1      | Reached XP level 2. HP: 16/19 MP: 10/10
   603 | D:1      | Found a faded altar of an unknown god.
   688 | D:1      | You fall into a shaft and drop 1 floor!
   711 | D:2      | Slain by a gnoll

Illustrated notes

Levels and vault maps discovered:
D:1:      dpeg_arrival_pond, layout_rooms,
          dreamdust_ecumenical_altar_angels_and_demons,
          minmay_misc_feat_nine_boxes, minmay_tiny_reverse_x
D:2:      layout_basic, minmay_nonomino_d4

Skill      XL: |  1 |
---------------+----+-----
Evocations     | | 10.4
Air Magic      | 2 |  2.0
Fighting       | |  0.4
Short Blades   | |  0.4
Long Blades    | |  0.4
Axes           | |  0.4
Maces & Flails | |  0.4
Polearms       | |  0.4
Staves         | |  0.4
Slings         | |  0.4
Bows           | |  0.4
Crossbows      | |  0.4
Throwing       | |  0.4
Armour         | |  0.4
Dodging        | |  2.5
Stealth        | |  0.4
Shields        | |  0.4
Unarmed Combat | |  0.4
Spellcasting   | |  7.1
Conjurations   | |  0.2
Hexes          | |  0.2
Summonings     | |  0.2
Necromancy     | |  0.2
Translocations | |  0.2
Transmutations | |  0.2
Fire Magic     | |  0.2
Ice Magic      | |  0.2
Earth Magic    | |  0.2
Poison Magic   | |  0.2
Invocations    | |  0.5

Action                   || total
-------------------------++-------
Melee: Dagger            ||    58
       Punch             ||     1
       Bite              ||     1
Armor: Ring mail         ||    29
       Robe              ||     4
       Leather armour    ||     2
Dodge: Dodged            ||    48
